 Dungeon Crawl Stone Soup version 0.21-a0-498-g1b60429 (webtiles) character file.

19060 wvc the Fighter (level 12, -3/100 HPs)
             Began as a Gnoll Wanderer on Nov 24, 2017.
             Was an Elder of Makhleb.
             Slain by an iguana (4 damage)
             ... on level 2 of the Lair of Beasts.
             The game lasted 00:47:08 (15567 turns).

wvc the Fighter (Gnoll Wanderer)                   Turns: 15567, Time: 00:47:08

Health: -3/100     AC: 10    Str: 20    XL:     12   Next: 65%
Magic:  0/23       EV:  9    Int: 24    God:    Makhleb [****..]
Gold:   648        SH:  0    Dex: 18    Spells: 22/25 levels left

rFire    . . .     SeeInvis .   D - +5 morningstar (freeze)
rCold    . . .     Gourm    .   (no shield)
rNeg     + . .     Faith    .   O - +1 leather armour {rPois}
rPois    +         Spirit   +   v - +0 helmet
rElec    .         Reflect  .   (no cloak)
rCorr    .         Harm     .   L - +0 pair of gloves
MR       .....                  o - +1 pair of boots
Stlth    ++++......             e - amulet of Okas {Spirit rF- rN+ Int+4 Dex+3}
HPRegen  0.26/turn              s - ring of protection from fire
MPRegen  0.18/turn              y - +6 ring of strength

@: petrifying, very slow
A: distributed training, fangs 1, blink, wild magic 1, strong nose
a: Blink, Minor Destruction, Lesser Servant of Makhleb, Major Destruction,
Renounce Religion


You were on level 2 of the Lair of Beasts.
You worshipped Makhleb.
Makhleb was greatly pleased with you.
You were completely stuffed.

You visited 2 branches of the dungeon, and saw 11 of its levels.
You also visited: Sewer.

You collected 648 gold pieces.

Inventory:

Hand Weapons
 h - a +0 blowgun
 p - a +1 dagger of electrocution
 D - a +5 morningstar of freezing (weapon)
Missiles
 d - 34 poisoned needles
 j - 6 needles of sleeping
 k - 3 curare-tipped needles
Armour
 o - a +1 pair of boots (worn)
 v - a +0 helmet (worn)
 I - a +0 troll leather armour
 L - a +0 pair of gloves (worn)
 O - a +1 leather armour of poison resistance (worn)
Magical Staves
 G - an uncursed staff of air
Jewellery
 e - the amulet of Okas (around neck) {Spirit rF- rN+ Int+4 Dex+3}
   (You found it on level 8 of the Dungeon)

   [amulet of guardian spirit]

   It causes incoming damage to be split between your health and magic.
   It affects your intelligence (+4).
   It affects your dexterity (+3).
   It makes you vulnerable to fire.
   It protects you from negative energy.
 s - a ring of protection from fire (left hand)
 y - a +6 ring of strength (right hand)
 A - an uncursed ring of positive energy
 B - the ring "Hilelop" {Wiz *Slow +Fly Int+2}
   (You found it on level 8 of the Dungeon)

   [ring of wizardry]

   It improves your spell success rate.
   It affects your intelligence (+2).
   It lets you fly.
   It may slow you when you take damage.
 P - the ring of Nuke {Fire +Blink rN+ Str+3 Dex-3 Stlth+}
   (You took it off an orc warrior on level 8 of the Dungeon)

   [ring of fire]

   It enhances your fire magic.
   It affects your strength (+3).
   It affects your dexterity (-3).
   It protects you from fire.
   It makes you vulnerable to cold.
   It protects you from negative energy.
   It lets you blink.
   It makes you more stealthy.
 U - an uncursed ring of poison resistance
 Z - an uncursed ring of ice
Wands
 F - a wand of acid (11)
 N - a wand of paralysis (2)
 R - a wand of iceblast (6)
 W - a wand of digging (11)
Scrolls
 g - 3 scrolls of immolation
 i - 5 scrolls of remove curse
 l - a scroll of blinking
 t - 2 scrolls of teleportation
 K - a scroll of amnesia
 T - 3 scrolls of enchant weapon
 X - a scroll of fear
 Y - a scroll of summoning
Potions
 c - 9 potions of curing
 m - 2 potions of flight
 n - 2 potions of haste {unknown}
 r - a potion of magic {unknown}
 u - a potion of agility
 z - 2 potions of lignification
 E - 2 potions of ambrosia
 H - 3 potions of brilliance
 J - 3 potions of mutation {unknown}
 Q - 2 potions of cancellation
 S - 2 potions of heal wounds
Books
 M - a book of Misfortune

   Spells                             Type                      Level
   a - Confusing Touch                Hexes                        1
   b - Confuse                        Hexes                        3
   c - Gell's Gravitas                Translocation                3
   d - Petrify                        Transmutation/Earth          4
   e - Metabolic Englaciation         Hexes/Ice                    5
   f - Yara's Violent Unravelling     Hexes/Transmutation          5
Comestibles
 a - 3 meat rations
 f - 2 bread rations
 V - 5 fruits


   Skills:
 + Level 11.1 Fighting
 + Level 7.3 Short Blades
 + Level 7.3 Long Blades
 + Level 7.3 Axes
 + Level 7.3 Maces & Flails
 + Level 7.3 Polearms
 + Level 7.3 Staves
 + Level 7.3 Slings
 + Level 7.3 Bows
 + Level 7.3 Crossbows
 + Level 7.8 Throwing
 + Level 7.8 Armour
 + Level 8.7 Dodging
 + Level 7.8 Stealth
 + Level 7.8 Shields
 + Level 7.3 Unarmed Combat
 + Level 7.3 Spellcasting
 + Level 6.1 Conjurations
 + Level 6.1 Hexes
 + Level 6.1 Charms
 + Level 6.1 Summonings
 + Level 6.1 Necromancy
 + Level 6.1 Translocations
 + Level 6.1 Transmutations
 + Level 6.1 Fire Magic
 + Level 6.1 Ice Magic
 + Level 6.1 Air Magic
 + Level 6.1 Earth Magic
 + Level 6.1 Poison Magic
 + Level 8.1 Invocations
 + Level 7.3 Evocations


You had 22 spell levels left.
You knew the following spells:

 Your Spells              Type           Power        Failure   Level  Hunger
a - Gell's Gravitas       Tloc           #####.....   3%          3    None


Dungeon Overview and Level Annotations

Branches:
Dungeon (9/15)             Temple (0/1) D:6            Lair (2/6) D:9
  Swamp (0/4) Lair:2        Snake (0/4) Lair:2
    Orc: D:9-12

Altars:
Dithmenos
Gozag
Kikubaaqudgha
Makhleb
Qazlal
Sif Muna
Trog
Uskayaw
Wu Jian
Xom
Yredelemnul
Zin
The Shining One

Shops:
D:9 (


Innate Abilities, Weirdness & Mutations

Your experience applies equally to all skills.
You have very sharp teeth.
Your uncanny sense of smell can sniff out nearby items.
You can translocate small distances at will.
Your spells are a little harder to cast, but a little more powerful.


Message History

The basilisk gazes at you.
You are slowing down.
The yak barely misses you. The yak gores you but does no damage.
The iguana closely misses you.
Unknown command.
You puncture the yak! You freeze the yak.
The yak is moderately wounded.
The iguana bites you but does no damage.
The basilisk bites you.
* * * LOW HITPOINT WARNING * * *
The yak gores you.
* * * LOW HITPOINT WARNING * * *
The yak gores you but does no damage. The iguana barely misses you. x2
The basilisk bites you but does no damage.
The yak gores you.
* * * LOW HITPOINT WARNING * * *
The yak gores you.
* * * LOW HITPOINT WARNING * * *
The iguana bites you.
You die...

#....>.P.# ...#.##..............#
#........## ....##P..............
P.[<......####P.P##..............
#.............................).#
.......##...........)............
#..#P#####.........#####.##P....P
#.#### ###§..§§§## #####....# ..
#§§§Yl## ###..... #. #§§§l@#
#P.....# #. #§§§lY# ##......
#.§..Y## ##....# #......# #......
#.....## ####....# ##......###
#.##..)..
.........#P#####.PP.....
........................
........................


You could see 3 yaks, a basilisk and 2 iguanas.

Vanquished Creatures
  2 hydras
  2 two-headed ogres (D:8)
  4 iron trolls
  An unseen horror (D:8)
  Pikel (D:7)
  A deep troll (D:9)
  A spiny frog (Lair:1)
  3 komodo dragons
  3 rime drakes (Lair:1)
  5 trolls (D:9)
  3 hippogriffs
  A wyvern (D:9)
  20 yaks
  2 basilisks (Lair:1)
  A hungry ghost (D:8)
  3 nagas (Lair:2)
  An acid dragon (D:9)
  A water moccasin (D:8)
  A sky beast (D:7)
  Purgy (Sewer)
  A porcupine (Lair:1)
  4 ice beasts
  3 slaves (D:7)
  6 orc warriors
  2 black bears
  An eye of draining (D:9)
  2 phantoms (D:8)
  2 ogres (D:8)
  A centaur (D:7)
  9 crocodiles
  6 bullfrogs
  A water moccasin zombie (D:5)
  3 scorpions
  4 wights (D:6)
  6 killer bees (D:8)
  3 howler monkeys (D:4)
  5 electric eels (D:9)
  4 crimson imps
  2 jellies
  A quasit (D:6)
  2 bullfrog zombies
  2 centaur skeletons
  8 orc wizards
  3 orc priests
  4 hounds
  Terence (D:2)
  4 iguanas
  11 worker ants
  Natasha (D:2)
  3 hound skeletons
  A howler monkey zombie (D:7)
  16 adders
  A gnoll (D:8)
  A shadow imp (D:8)
  2 oozes (D:1)
  2 adder skeletons
  4 worms
  4 dart slugs
  A leopard gecko (D:7)
  42 orcs
  2 ball pythons
  A bat zombie (D:4)
  6 giant cockroaches
  4 goblins
  3 hobgoblins (D:3)
  3 jackals
  A quokka (D:4)
  4 bats
  9 frilled lizards
  A jackal skeleton (D:7)
  A jackal zombie (D:5)
  9 kobolds
  2 quokka skeletons
  A quokka zombie (D:6)
  8 rats
  3 rat zombies (D:4)
294 creatures vanquished.

Notes
Turn   | Place    | Note
-------+----------+-------------------------------------------
     0 | D:1      | wvc the Gnoll Wanderer began the quest for the Orb.
     0 | D:1      | wvc set off with: a +2 spear, a potion of lignification, a potion of curing, a +0 robe, a bread ration
     0 | D:1      | Reached XP level 1. HP: 26/26 MP: 1/1
    28 | D:1      | Reached XP level 2. HP: 33/33 MP: 2/2
   162 | D:1      | Reached XP level 3. HP: 37/38 MP: 3/3
   479 | D:2      | Found a burning altar of Makhleb.
   479 | D:2      | Noticed an Executioner
   494 | D:2      | Reached skill level 1 in Invocations
   499 | D:2      | Noticed a ynoxinul
   499 | D:2      | Noticed a neqoxec
   521 | D:2      | Found a shadowy altar of Dithmenos.
   542 | D:2      | Reached skill level 1 in Short Blades
   542 | D:2      | Reached skill level 1 in Long Blades
   542 | D:2      | Reached skill level 1 in Axes
   542 | D:2      | Reached skill level 1 in Maces & Flails
   542 | D:2      | Reached skill level 1 in Polearms
   542 | D:2      | Reached skill level 1 in Staves
   542 | D:2      | Reached skill level 1 in Slings
   542 | D:2      | Reached skill level 1 in Bows
   542 | D:2      | Reached skill level 1 in Crossbows
   542 | D:2      | Reached skill level 1 in Unarmed Combat
   542 | D:2      | Reached skill level 1 in Spellcasting
   542 | D:2      | Reached skill level 1 in Evocations
   542 | D:2      | Reached XP level 4. HP: 22/45 MP: 5/5
   906 | D:2      | Reached skill level 1 in Conjurations
   906 | D:2      | Reached skill level 1 in Hexes
   906 | D:2      | Reached skill level 1 in Charms
   906 | D:2      | Reached skill level 1 in Summonings
   906 | D:2      | Reached skill level 1 in Necromancy
   906 | D:2      | Reached skill level 1 in Translocations
   906 | D:2      | Reached skill level 1 in Transmutations
   906 | D:2      | Reached skill level 1 in Fire Magic
   906 | D:2      | Reached skill level 1 in Ice Magic
   906 | D:2      | Reached skill level 1 in Air Magic
   906 | D:2      | Reached skill level 1 in Earth Magic
   906 | D:2      | Reached skill level 1 in Poison Magic
  1167 | D:2      | Noticed Natasha
  1184 | D:2      | Killed Natasha
  1184 | D:2      | Reached XP level 5. HP: 18/51 MP: 5/7
  1499 | D:3      | Noticed Terence
  1537 | D:2      | Killed Terence
  2675 | D:3      | Found a shimmering altar of Xom.
  2675 | D:3      | Found a glowing silver altar of Zin.
  2676 | D:3      | Noticed an angel
  2774 | D:3      | Found a hide-covered altar of Uskayaw.
  2789 | D:3      | Found a faded altar of an unknown god.
  2980 | D:3      | Reached XP level 6. HP: 49/57 MP: 8/8
  3049 | D:3      | Noticed an orc warrior
  3074 | D:3      | Killed an orc warrior
  3074 | D:3      | Reached skill level 5 in Dodging
  3408 | D:3      | Became a worshipper of Makhleb the Destroyer
  3408 | D:3      | Reached * piety under Makhleb
  3455 | D:4      | Reached XP level 7. HP: 49/63 MP: 10/10
  3481 | D:4      | Found a shimmering altar of Xom.
  3716 | D:4      | Got a twisted robe
  3717 | D:4      | Identified the cursed +1 robe of the Bulwark {+Inv Int+2} (You found it on level 4 of the Dungeon)
  3838 | D:4      | Reached skill level 9 in Fighting
  3955 | D:4      | Found an ancient bone altar of Kikubaaqudgha.
  3986 | D:4      | Found an opulent altar of Gozag.
  4271 | D:5      | Entered Level 5 of the Dungeon
  4280 | D:5      | Reached XP level 8. HP: 54/71 MP: 12/12
  4281 | D:5      | Reached ** piety under Makhleb
  5012 | D:5      | Found a bloodstained altar of Trog.
  5114 | D:5      | Found a deep blue altar of Sif Muna.
  5213 | D:6      | Got a distressingly furry chain mail
  5225 | D:6      | Identified the +1 chain mail "Ecurreahu" {rPois rF- Stlth+} (You found it on level 6 of the Dungeon)
  5406 | D:6      | Found a staircase to the Ecumenical Temple.
  5408 | D:6      | Found a glowing drain.
  5434 | Sewer    | Entered a sewer
  5548 | Sewer    | Noticed Purgy
  5552 | Sewer    | Killed Purgy
  5552 | Sewer    | Reached *** piety under Makhleb
  5552 | Sewer    | Reached XP level 9. HP: 76/76 MP: 14/14
  5875 | D:7      | Noticed Pikel
  5880 | D:7      | Paralysed by Pikel for 3 turns
  5897 | D:7      | Paralysed by Pikel for 5 turns
  5903 | D:7      | Killed Pikel
  5966 | D:7      | Reached skill level 5 in Throwing
  5966 | D:7      | Reached skill level 5 in Armour
  5966 | D:7      | Reached skill level 5 in Shields
  6115 | D:7      | Reached skill level 5 in Stealth
  6130 | D:7      | Gained mutation: You can translocate small distances at will. [mutagenic meat]
  6131 | D:7      | Gained mutation: Your spells are a little harder to cast, but a little more powerful. [mutagenic meat]
  6219 | D:7      | Found a stormy altar of Qazlal.
  6276 | D:7      | Found an ornate altar of the Wu Jian Council.
  6306 | D:7      | Reached skill level 5 in Invocations
  6678 | D:7      | Reached **** piety under Makhleb
  6843 | D:8      | Reached XP level 10. HP: 84/84 MP: 15/17
  7182 | D:8      | Learned a level 3 spell: Gell's Gravitas
  7243 | D:8      | Reached skill level 5 in Short Blades
  7243 | D:8      | Reached skill level 5 in Long Blades
  7243 | D:8      | Reached skill level 5 in Axes
  7243 | D:8      | Reached skill level 5 in Maces & Flails
  7243 | D:8      | Reached skill level 5 in Polearms
  7243 | D:8      | Reached skill level 5 in Staves
  7243 | D:8      | Reached skill level 5 in Slings
  7243 | D:8      | Reached skill level 5 in Bows
  7243 | D:8      | Reached skill level 5 in Crossbows
  7243 | D:8      | Reached skill level 5 in Unarmed Combat
  7243 | D:8      | Reached skill level 5 in Spellcasting
  7243 | D:8      | Reached skill level 5 in Evocations
  7297 | D:8      | Found a runed door.
  7298 | D:8      | Found a runed door.
  7300 | D:8      | Noticed a two-headed ogre
  7301 | D:8      | Found a runed door.
  7921 | D:8      | Killed a two-headed ogre
  7921 | D:8      | Reached skill level 10 in Fighting
  8273 | D:8      | HP: 4/85 [something (3)]
  8971 | D:8      | Killed an unseen horror
  9178 | D:8      | Noticed a four-headed hydra
  9180 | D:8      | Noticed a two-headed ogre
  9509 | D:8      | Got a smoking ivory ring
  9511 | D:8      | Identified the ring of Nuke {Fire +Blink rN+ Str+3 Dex-3 Stlth+} (You took it off an orc warrior on level 8 of the Dungeon)
  9972 | D:8      | Killed a four-headed hydra
  9972 | D:8      | Reached XP level 11. HP: 91/91 MP: 19/19
 10060 | D:8      | Got a smoking copper amulet
 10443 | D:7      | Identified the amulet of Danoasip {Harm *Drain rElec rN+} (You took it off an orc warrior on level 8 of the Dungeon)
 10456 | D:8      | Killed a two-headed ogre
 10581 | D:8      | Got a pitted garnet amulet
 10592 | D:8      | Got a sparkling tin ring
 10712 | D:8      | Identified the amulet of Okas {Spirit rF- rN+ Int+4 Dex+3} (You found it on level 8 of the Dungeon)
 10745 | D:9      | Found Cehil's Weapon Shop.
 10955 | D:9      | Identified the ring "Hilelop" {Wiz *Slow +Fly Int+2} (You found it on level 8 of the Dungeon)
 10964 | D:9      | Reached skill level 5 in Conjurations
 10964 | D:9      | Reached skill level 5 in Hexes
 10964 | D:9      | Reached skill level 5 in Charms
 10964 | D:9      | Reached skill level 5 in Summonings
 10964 | D:9      | Reached skill level 5 in Necromancy
 10964 | D:9      | Reached skill level 5 in Translocations
 10964 | D:9      | Reached skill level 5 in Transmutations
 10964 | D:9      | Reached skill level 5 in Fire Magic
 10964 | D:9      | Reached skill level 5 in Ice Magic
 10964 | D:9      | Reached skill level 5 in Air Magic
 10964 | D:9      | Reached skill level 5 in Earth Magic
 10964 | D:9      | Reached skill level 5 in Poison Magic
 11090 | D:9      | Found a staircase to the Lair.
 11428 | D:9      | Noticed an iron troll
 11657 | D:9      | Noticed an iron troll
 11686 | D:9      | Killed an iron troll
 11697 | D:9      | Noticed a deep troll
 11715 | D:9      | Killed a deep troll
 11726 | D:9      | Noticed an iron troll
 12136 | D:9      | Killed an iron troll
 12302 | D:9      | Noticed an iron troll
 12302 | D:9      | Reached XP level 12. HP: 39/99 MP: 7/22
 12695 | D:8      | Killed an iron troll
 12996 | D:9      | Killed an iron troll
 13253 | D:9      | Identified a scroll of acquirement
 13433 | D:9      | Found a glowing golden altar of the Shining One.
 13435 | D:9      | Noticed an angel
 13472 | D:9      | Found a basalt altar of Yredelemnul.
 13475 | D:9      | Noticed a profane servitor
 13936 | Lair:1   | Entered Level 1 of the Lair of Beasts
 14494 | Lair:1   | Reached skill level 11 in Fighting
 15132 | Lair:2   | Found a staircase to the Snake Pit.
 15145 | Lair:2   | Noticed a four-headed hydra
 15163 | Lair:1   | Killed a four-headed hydra
 15336 | Lair:2   | Found a staircase to the Swamp.
 15567 | Lair:2   | HP: 5/100 [yak (2)]
 15567 | Lair:2   | HP: 1/100 [yak (2)]
 15567 | Lair:2   | Slain by an iguana

Vault maps used:
D:1:      dpeg_arrival_tiny_d
D:2:      lemuel_crystal_altar, grunt_ministairs_3, makhleb_altar_promises_db,
          uniq_natasha
D:3:      grunt_temple_overflow_order_and_chaos_1,
          eat_drink_and_be_merry_uskayaw, chequers_ecumenical_altar_island,
          uniq_terence
D:4:      overflow_temple_1_default, lemuel_zombie_altar_kikubaaqudgha,
          first_bread, xom_teletrap_fun
D:5:      lemuel_doored_altar, lightli_temple_of_fire
D:6:      minmay_temple_entry_butterflies, portal_sewer_entry_d
D:7:      old_standard_altar, grunt_ministairs_10,
          nicolae_qazlal_style_of_elements, uniq_pikel
D:8:      minmay_the_grid_triangle_9x9_rhombus_full
D:9:      lemuel_troll_bridge, grunt_temple_overflow_holy_war, erik_lair_dragon,
          serial_shops, nicolae_shop_stone
Lair:1:   grunt_megastairs_5, lemuel_fruit_tree
Lair:2:   beast_lair_carwin_large_2, minmay_swamp_entry_reptiles,
          minmay_snake_entry_guardpost_medium
Sewer:    kennysheep_door_sewer

Skill      XL: |  1  2  3  4  5  6  7  8  9 10 11 12 |
---------------+-------------------------------------+-----
Invocations    | 1 2 3 4 5 6 7 8 |  8.1
Short Blades   | 1 2 3 4 5 6 7 |  7.3
Long Blades    | 1 2 3 4 5 6 7 |  7.3
Axes           | 1 2 3 4 5 6 7 |  7.3
Maces & Flails | 1 2 3 4 5 6 7 |  7.3
Polearms       | 1 2 3 4 5 6 7 |  7.3
Staves         | 1 2 3 4 5 6 7 |  7.3
Slings         | 1 2 3 4 5 6 7 |  7.3
Bows           | 1 2 3 4 5 6 7 |  7.3
Crossbows      | 1 2 3 4 5 6 7 |  7.3
Unarmed Combat | 1 2 3 4 5 6 7 |  7.3
Spellcasting   | 1 2 3 4 5 6 7 |  7.3
Evocations     | 1 2 3 4 5 6 7 |  7.3
Conjurations   | 1 2 3 4 5 6 |  6.1
Hexes          | 1 2 3 4 5 6 |  6.1
Charms         | 1 2 3 4 5 6 |  6.1
Summonings     | 1 2 3 4 5 6 |  6.1
Necromancy     | 1 2 3 4 5 6 |  6.1
Translocations | 1 2 3 4 5 6 |  6.1
Transmutations | 1 2 3 4 5 6 |  6.1
Fire Magic     | 1 2 3 4 5 6 |  6.1
Ice Magic      | 1 2 3 4 5 6 |  6.1
Air Magic      | 1 2 3 4 5 6 |  6.1
Earth Magic    | 1 2 3 4 5 6 |  6.1
Poison Magic   | 1 2 3 4 5 6 |  6.1
Throwing       | 3 4 5 6 7 |  7.8
Armour         | 3 4 5 6 7 |  7.8
Shields        | 3 4 5 6 7 |  7.8
Stealth        | 3 4 5 6 7 |  7.8
Dodging        | 5 6 7 8 |  8.7
Fighting       | 9 10 11 | 11.1

Action                   |  1- 3 |  4- 6 |  7- 9 | 10-12 || total
-------------------------+-------+-------+-------+-------++-------
Melee: Spear             |    68 |   148 |       |       ||   216
       Bite              |     5 |    13 |    40 |    68 ||   126
       Punch             |       |     1 |     6 |    12 ||    19
       Dagger            |       |    21 |   256 |     3 ||   280
       Morningstar       |       |       |   192 |   428 ||   620
       Staff             |       |       |       |    31 ||    31
       Rapier            |       |       |       |    17 ||    17
 Fire: Blowgun           |       |    10 |       |    59 ||    69
Throw: Throwing net      |       |       |     1 |     1 ||     2
       Tomahawk          |       |       |       |     6 ||     6
 Cast: Gell's Gravitas   |       |       |       |     6 ||     6
Invok: Major Destruction |       |       |       |     2 ||     2
  Use: Scroll            |     4 |       |     9 |    16 ||    29
       Potion            |       |     4 |       |     4 ||     8
 Stab: Sleeping          |     7 |     3 |     2 |    10 ||    22
       Invisible         |       |     2 |       |       ||     2
       Distracted        |       |       |       |     3 ||     3
  Eat: Meat ration       |       |     1 |       |       ||     1
       Chunk             |       |     3 |    11 |       ||    14
       Fruit             |       |       |     3 |    10 ||    13
       Royal jelly       |       |       |       |     6 ||     6
       Bread ration      |       |       |       |     4 ||     4
Armor: Robe              |     2 |       |       |       ||     2
       Leather armour    |     4 |       |     5 |   138 ||   147
       Ring mail         |     3 |    29 |    54 |       ||    86
       Skin              |       |     8 |       |       ||     8
       Chain mail        |       |       |   182 |       ||   182
Dodge: Dodged            |    29 |    86 |   265 |   425 ||   805

Table legend:
 A = Spawn XP
 B = Non-spawn XP
 C = Spawn XP percentage of total XP
 D = Spawn monster count
 E = Non-spawn monster count
 F = Spawn count percentage of total count
 G = Total turns spent on level
                    A         B        C        D         E        F      G
               +---------+---------+-------+---------+---------+-------+---------
         Total |       0 |   27229 |   0.0 |       0 |     291 |   0.0 | 15567
               +---------+---------+-------+---------+---------+-------+---------
           D:1 |       0 |      43 |   0.0 |       0 |      19 |   0.0 |   374
           D:2 |       0 |     190 |   0.0 |       0 |      17 |   0.0 |  2141
           D:3 |       0 |     274 |   0.0 |       0 |      24 |   0.0 |   918
           D:4 |       0 |     845 |   0.0 |       0 |      36 |   0.0 |  1021
           D:5 |       0 |     542 |   0.0 |       0 |      22 |   0.0 |   677
           D:6 |       0 |     421 |   0.0 |       0 |      13 |   0.0 |   518
           D:7 |       0 |    2098 |   0.0 |       0 |      39 |   0.0 |  1509
           D:8 |       0 |    7415 |   0.0 |       0 |      48 |   0.0 |  3906
           D:9 |       0 |    8744 |   0.0 |       0 |      38 |   0.0 |  2731
        Lair:1 |       0 |    5127 |   0.0 |       0 |      20 |   0.0 |  1321
        Lair:2 |       0 |    1385 |   0.0 |       0 |       9 |   0.0 |   310
         Sewer |       0 |     145 |   0.0 |       0 |       6 |   0.0 |   141
               +---------+---------+-------+---------+---------+-------+---------
